Map: 亚历山大港 - 天梯版

Players

Reynor - Winner!

  • Race: Zerg Zerg

Probe

  • Race: Protoss Protoss
  • League: Platinum

Event: WESG 2018 Grand Finals

VOD

Have the link to the VOD?

Description

Time

  • Played on: March 12, 2019, 1:42 a.m.
  • Length: 10:23

All games in this series

Show
View Real Time Build Order
Export as new Build Order

Reynor Zerg - Winner!

Build Orders: Hatch First 

Get SALT Encoding   

  12  0:01  Drone  
  13  0:13  Overlord  
  13  0:18  Drone  
  14  0:31  Drone x2  
  16  0:36  Drone  
  17  0:52  Hatchery  
  16  0:57  Drone  
  16  0:59  Drone  
  18  1:11  Extractor  
  17  1:16  Spawning Pool  
  16  1:19  Drone  
  16  1:22  Drone  
  18  1:29  Drone  
  19  1:39  Drone  
  20  1:50  Overlord  
  20  2:02  Queen  
  20  2:06  Queen  
  20  2:07  Zergling x4  
  26  2:11  Drone  
  27  2:16  Drone  
  29  2:22  Drone  
  29  2:25  Drone  
  30  2:35  Hatchery  
  29  2:39  Metabolic Boost  
  29  2:42  Drone  
  30  2:44  Drone  
  30  2:49  Drone  
  32  2:51  Overlord  
  32  2:58  Queen  
  32  3:01  Drone  
  32  3:04  Drone  
  36  3:12  Drone  
  37  3:14  Zergling x2  
  37  3:16  Drone x2  
  37  3:17  Drone  
  37  3:19  Overlord  
  41  3:23  Drone  
  42  3:32  Overlord  
  42  3:34  Drone  
  42  3:37  Queen  
  45  3:44  Overlord  
  45  3:47  Drone  
  46  3:48  Drone x2  
  46  3:49  Drone x2  
  46  3:52  Drone x3  
  53  3:58  Zergling x4  
  55  4:06  Spore Crawler x2  
  55  4:08  Lair  
  55  4:09  Drone x2  
  55  4:12  Drone  
  55  4:13  Drone  
  57  4:18  Drone x3  
  60  4:28  Extractor  
  60  4:29  Drone x3  
  60  4:30  Extractor  
  60  4:31  Roach Warren  
  60  4:36  Overlord  
  60  4:37  Drone x3  
  63  4:39  Spore Crawler  
  59  4:47  Drone x4  
  59  4:48  Zergling x4  
  59  4:51  Zergling x2  
  66  4:53  Overlord  
  66  4:54  Drone  
  67  5:01  Overlord  
  67  5:11  Overlord x2  
  77  5:18  Glial Reconstitution  
  80  5:23  Queen  
  80  5:27  Queen x2, Nydus Network  
  71  5:32  Roach x5  
  71  5:35  Zergling x6  
  82  5:43  Roach x3  
  82  5:44  Roach  
  82  5:46  Overlord  
  90  5:55  Overlord  
  89  5:58  Roach x3  
  89  5:59  Roach  
  89  6:01  Queen  
  97  6:06  Nydus Canal  
  97  6:09  Roach x3  
  103  6:13  Queen  
  103  6:16  Roach x2  
  107  6:20  Drone x3  
  107  6:22  Drone  
  107  6:23  Drone  
  107  6:24  Drone  
  113  6:30  Evolution Chamber  
  113  6:32  Nydus Canal  
  112  6:34  Roach  
  112  6:36  Overlord  
  112  6:43  Drone  
  112  6:44  Overlord, Drone x2  
  112  6:47  Extractor  
  112  6:48  Evolution Chamber, Extractor  
  107  6:54  Roach x3  
  107  6:58  Drone x2  
  107  6:59  Overlord, Drone  
  114  7:05  Drone x4  
  114  7:08  Drone x3  
  121  7:12  Overlord  
  121  7:13  Drone x2  
  121  7:14  Overseer  
  114  7:17  Hydralisk Den  
  103  7:28  Zerg Melee Weapons Level 1  
  103  7:29  Zerg Missile Weapons Level 1  
  95  7:31  Extractor  
  94  7:42  Hatchery  
  93  7:46  Hydralisk x7  
  93  7:49  Zergling x8  
  111  7:54  Muscular Augments  
  111  7:55  Hydralisk  
  111  7:57  Spore Crawler  
  112  7:58  Zergling x6  
  112  7:59  Zergling x2  
  112  8:05  Hydralisk x2  
  116  8:09  Overlord  
  120  8:14  Hydralisk x3  
  126  8:20  Drone x4  
  126  8:21  Drone  
  126  8:23  Hydralisk  
  126  8:26  Pneumatized Carapace  
  133  8:29  Hydralisk  
  135  8:35  Drone x2, Extractor  
  135  8:36  Drone x3  
  135  8:39  Hydralisk  
  139  8:41  Hydralisk  
  139  8:46  Hydralisk x2  
  145  8:52  Hydralisk x2  
  148  9:01  Nydus Canal  
  148  9:02  Hydralisk x4  
  156  9:10  Hydralisk  
  156  9:12  Overlord  
  156  9:15  Overlord  
  157  9:30  Hydralisk x5  
  167  9:33  Overlord  
  167  9:36  Hydralisk x2  
  167  9:37  Hydralisk  
  163  9:40  Hydralisk x3  
  156  9:46  Hydralisk x3  
  156  9:52  Roach x3  
  147  9:57  Drone x4  
  147  9:58  Drone x2  
Show
View Real Time Build Order
Export as new Build Order

Probe Protoss 

Build Orders: 1 Gate Expand, Oracle Opening, Phoenix Opening, Mass Phoenix 

Get SALT Encoding   

  12  0:00  Probe  
  13  0:13  Probe  
  14  0:20  Pylon  
  14  0:25  Probe  
  15  0:31  Assimilator  
  15  0:33  Probe  
  15  0:42  Probe  
  16  0:49  Gateway  
  17  0:52  Probe  
  18  1:04  Probe  
  19  1:16  Probe  
  20  1:25  Nexus  
  20  1:36  Cybernetics Core  
  20  1:38  Probe  
  21  1:43  Assimilator  
  21  1:50  Probe  
  21  1:54  Pylon  
  22  2:02  Probe  
  22  2:07  Adept  
  23  2:12  Stargate  
  23  2:14  Probe  
  24  2:22  Warp Gate  
  26  2:26  Probe  
  27  2:33  Probe  
  27  2:36  Probe  
  27  2:37  Adept  
  27  2:41  Probe  
  31  2:45  Probe  
  33  2:51  Probe  
  33  2:53  Probe  
  26  2:58  Phoenix  
  35  3:03  Probe  
  35  3:05  Probe  
  39  3:13  Probe  
  39  3:16  Probe  
  39  3:17  Pylon  
  41  3:21  Probe  
  41  3:23  Oracle  
  45  3:28  Probe  
  45  3:32  Assimilator  
  45  3:33  Assimilator  
  46  3:37  Gateway  
  46  3:38  Probe  
  46  3:40  Probe  
  48  3:46  Stargate  
  48  3:50  Probe  
  48  3:51  Pylon  
  48  3:52  Probe  
  50  3:56  Phoenix  
  50  4:02  Probe  
  53  4:03  Probe  
  54  4:10  Pylon  
  54  4:11  Probe  
  54  4:14  Probe  
  54  4:15  Adept  
  54  4:16  Phoenix  
  58  4:19  Probe  
  61  4:29  Pylon, Phoenix  
  63  4:35  Adept  
  63  4:38  Probe x2  
  67  4:46  Phoenix  
  67  4:48  Pylon  
  67  4:51  Phoenix  
  69  4:59  Probe  
  72  5:08  Probe  
  72  5:11  Adept, Phoenix  
  76  5:16  Phoenix  
  76  5:20  Nexus  
  78  5:23  Shield Battery  
  78  5:24  Probe  
  80  5:32  Robotics Facility  
  78  5:36  Probe, Robotics Facility  
  78  5:38  Probe  
  78  5:45  Adept  
  78  5:48  Adept, Probe  
  83  5:50  Probe  
  84  6:01  Probe  
  84  6:02  Probe  
  86  6:13  Gateway  
  86  6:16  Gateway  
  86  6:24  Pylon  
  86  6:27  Pylon  
  86  6:28  Pylon  
  86  6:30  Shield Battery  
  86  6:31  Shield Battery  
  86  6:32  Immortal x2  
  86  6:35  Shield Battery  
  86  6:39  Shield Battery  
  92  6:47  Sentry x2  
  92  6:48  Shield Battery  
  92  6:50  Shield Battery  
  92  6:52  Cybernetics Core  
  90  7:01  Immortal  
  90  7:02  Immortal  
  90  7:07  Zealot  
  92  7:11  Zealot  
  98  7:15  Zealot  
  98  7:16  Zealot  
  98  7:36  Sentry x2  
  102  7:40  Nexus  
  102  7:44  Twilight Council  
  102  7:47  Forge  
  102  7:52  Pylon  
  102  7:58  Gateway  
  102  8:00  Gateway  
  102  8:04  Warp Prism, Gateway  
  102  8:07  Protoss Ground Weapons Level 1, Charge  
  102  8:10  Observer  
  102  8:11  Sentry  
  102  8:12  Sentry  
  107  8:13  Zealot  
  107  8:15  Gateway  
  107  8:18  Pylon  
  107  8:19  Pylon  
  109  8:21  Pylon  
  109  8:33  Templar Archives  
  109  8:38  Zealot x4  
  117  8:49  Immortal  
  121  8:58  Immortal  
  121  9:00  Gateway  
  125  9:04  Adept  
  127  9:12  Zealot  
  129  9:24  Zealot x3  
  127  9:36  Zealot x3  
  126  9:45  Zealot x3  
  101  9:57  Zealot x2  
  67  10:12  Zealot  
  67  10:13  Zealot  
  67  10:14  Zealot x2  
  67  10:18  High Templar x2  
Tags
 
Add a new tag
Caveats
  • Supply blocks, unpowered buildings, or Contaminate may cause inaccurate times.
  • Supply counts are checked every 10 seconds.